 Dungeon Crawl Stone Soup version 0.27-a0-1189-gb8eb6cee8e (webtiles) character file.

Game seed: 11627189248783120021

124 leviel the Skirmisher (level 5, -11/47 HPs)
             Began as a Hill Orc Fighter on May 22, 2021.
             Mangled by a gnoll
             ... wielding a +0 whip of electrocution
              (20 damage)
             ... on level 2 of the Dungeon.
             The game lasted 00:01:59 (853 turns).

leviel the Skirmisher (Hill Orc Fighter)             Turns: 853, Time: 00:02:00

Health: -11/47     AC:  8    Str: 20    XL:     5   Next: 8%
Magic:  5/5        EV:  7    Int:  8    God:
Gold:   54         SH:  9    Dex: 10    Spells: 4/4 levels left

rFire    . . .     SeeInvis .   a - +0 war axe
rCold    . . .     Faith    .   c - +0 kite shield
rNeg     . . .     Spirit   .   b - +1 scale mail
rPois    .         Reflect  .   (no helmet)
rElec    .         Harm     .   (no cloak)
rCorr    .         Rampage  .   (no gloves)
Will     .....                  (no boots)
Stlth    ..........             e - amulet of regeneration
HPRegen  1.15/turn              (no ring)
MPRegen  0.09/turn              (no ring)

@: no status effects
A: no striking features
a: no special abilities


You were on level 2 of the Dungeon.
You visited 1 branch of the dungeon, and saw 2 of its levels.

You collected 54 gold pieces.

Inventory:

Hand Weapons
 a - a +0 war axe (weapon)
Armour
 b - a +1 scale mail (worn)
 c - a +0 kite shield (worn)
Jewellery
 e - an amulet of regeneration (around neck)
Scrolls
 f - a scroll of summoning {unknown}
 g - a scroll of enchant armour {@r2}
 i - a scroll of immolation {unknown}
Potions
 d - a potion of flight {unknown}
 h - a potion of haste {unknown}


   Skills:
 - Level 4.5 Fighting
 + Level 4.3 Axes
 - Level 4.1 Armour
 - Level 4.1 Shields


You had 4 spell levels left.
You didn't know any spells.
Your spell library contained the following spells:

 Spells                   Type           Power      Damage    Failure   Level
 Magic Dart               Conj           0%         1d3       99%         1
 Searing Ray              Conj           0%         3d3       100%        2
 Dazzling Flash           Conj/Hex       0%         N/A       100%        3
 Fulminant Prism          Conj/Hex       0%         3d6       100%        4
 Iskenderun's Mystic Bla  Conj/Tloc      0%         2d3       100%        4


Dungeon Overview and Level Annotations

Branches:
Dungeon (2/15)

Altars:


Message History

The goblin hits you with a +0 dagger.
You slash the goblin!
You kill the goblin!
A gnoll comes into view. It is wielding a +0 whip.
The gnoll hits you but does no damage.
The kobold throws a stone.
The stone hits you but does no damage.
You slash the gnoll!
The gnoll is severely wounded.
You block the gnoll's attack.
You hit the gnoll but do no damage.
The gnoll is severely wounded.
The gnoll hits you but does no damage. The gnoll hits you with a +0 spear.
You hit the gnoll.
The gnoll is almost dead.
You closely miss the gnoll. The gnoll hits you with a +0 spear.
You block the gnoll's attack. The gnoll hits you with a +0 spear.
The gnoll hits you with a +0 whip of electrocution.
You hit the gnoll but do no damage.
The gnoll is almost dead.
You hit the gnoll but do no damage. The gnoll barely misses you.
You block the gnoll's attack.
You closely miss the gnoll.
The gnoll is almost dead.
You hit the gnoll but do no damage. The gnoll hits you with a +0 spear.
The gnoll hits you with a +0 whip of electrocution.
The gnoll hits you but does no damage.
The gnoll hits you with a +0 whip of electrocution.
You are electrocuted!!
* * * LOW HITPOINT WARNING * * *
You slash the gnoll!
You kill the gnoll!
You hit the gnoll.
You have reached level 5!
You feel stronger.
You slash the gnoll!
The gnoll is almost dead.
You block the gnoll's attack. x2
The gnoll hits you with a +0 whip of electrocution.
* * * LOW HITPOINT WARNING * * *
You are electrocuted!!
You die...

######.## #.# #...##
#......g# #.# #.....
#.......# ##.########....#
#.......#####..#............
#....>......................
#.......###.####.....#######
#......g###.# #####.# #
......K#g##.# #.# #
..###.#...#@# #.# #
.K##.##gg# #.# # ##. #. #..#
#.# # . .. #### #.####### #
..# #.....(.. .. ####†....
.## #...#. ######.#†
..........


You could see 2 gnolls.

Vanquished Creatures
  A scorpion (D:2)
  A gnoll (D:2)
  An adder (D:2)
  3 ball pythons
  4 bats
  4 endoplasms (D:1)
  2 giant cockroaches (D:1)
  6 goblins
  6 hobgoblins
  5 jackals (D:1)
  3 kobolds (D:1)
  A quokka (D:2)
  4 rats
41 creatures vanquished.

Notes
Turn   | Place    | Note
-------+----------+-------------------------------------------
     0 | D:1      | leviel the Hill Orc Fighter began the quest for the Orb.
     0 | D:1      | Reached XP level 1. HP: 19/19 MP: 1/1
   146 | D:1      | Reached XP level 2. HP: 27/27 MP: 2/2
   316 | D:1      | Reached XP level 3. HP: 33/33 MP: 3/3
   738 | D:2      | Noticed a scorpion
   742 | D:2      | Killed a scorpion
   743 | D:2      | Reached XP level 4. HP: 32/41 MP: 4/4
   853 | D:2      | Reached XP level 5. HP: 8/47 MP: 5/5
   853 | D:2      | Mangled by a gnoll

Illustrated notes

Levels and vault maps discovered:
D:1:      psy_arrival_statuary, layout_rooms
D:2:      layout_loops_cross, serial_shops, shop, supply_closet_lemuel,
          minmay_misc_feat_alley

Skill      XL: |  1  2  3  4 |
---------------+-------------+-----
Axes           | 3 4 |  4.3
Fighting       | 4 |  4.5
Armour         | 4 |  4.1
Shields        | 4 |  4.1

Action                   |  1- 3 |  4- 6 || total
-------------------------+-------+-------++-------
Melee: War axe           |    95 |    13 ||   108
  Use: Scroll            |     2 |       ||     2
       Potion            |     1 |       ||     1
Armor: Scale mail        |    79 |     6 ||    85
Dodge: Dodged            |    43 |     4 ||    47
Block: Kite shield       |    52 |     9 ||    61

Table legend: (Time is in decaauts)
 A = Elapsed time spent in this place.
 B = Non-inter-level travel time spent in this place.
 C = Inter-level travel time spent in this place.
 D = Time resting spent in this place.
 E = Time spent auto-exploring this place.
 F = Levels seen in this place.
 G = Mean time per level.
                   A        B        C        D        E       F      G
               +--------+--------+--------+--------+--------+-----+--------+
         Total |    912 |    865 |     47 |     25 |    566 |   2 |  456.0 |
       Dungeon |    912 |    865 |     47 |     25 |    566 |   2 |  456.0 |
               +--------+--------+--------+--------+--------+-----+--------+

Top non-repeatable levels by time:
     D:1: 632 daAuts
     D:2: 280 daAuts
